 Dungeon Crawl Stone Soup version 0.23.2-33-g5129a83184 (webtiles) character file.

Game seed: 7721064606892154898

108 DildoBatman the Conjurer (level 5, -4/35 HPs)
             Began as a Formicid Wizard on July 3, 2019.
             Slain by an orc priest
             ... wielding a +0 mace
              (5 damage)
             ... on level 3 of the Dungeon.
             The game lasted 00:05:04 (2027 turns).

DildoBatman the Conjurer (Formicid Wizard)          Turns: 2027, Time: 00:05:04

Health: -4/35      AC:  2    Str: 11    XL:     5   Next: 12%
Magic:  4/9        EV: 12    Int: 19    God:
Gold:   141        SH:  0    Dex:  9    Spells: 3/10 levels left

rFire    . . .     SeeInvis +   b - +0 dagger
rCold    . . .     Gourm    .   (no shield)
rNeg     . . .     Faith    .   s - +0 robe
rPois    .         Spirit   .   (helmet unavailable)
rElec    .         Reflect  .   (no cloak)
rCorr    .         Harm     .   (no gloves)
MR       .....                  (no boots)
Stlth    ++........             (no amulet)
HPRegen  0.11/turn              (no ring)
MPRegen  0.11/turn              (no ring)

@: very slightly contaminated
A: permanent stasis, dig shafts and tunnels, four strong arms, antennae 3
a: Dig, Shaft Self


You were on level 3 of the Dungeon.
You were not hungry.

You visited 1 branch of the dungeon, and saw 3 of its levels.

You collected 141 gold pieces.

Inventory:

Hand Weapons
 a - a +0 falchion
 b - a +0 dagger (weapon)
Missiles
 d - 2 javelins
 e - 87 stones (quivered)
Armour
 s - a +0 robe (worn)
Scrolls
 f - 3 scrolls of teleportation {unknown}
 h - 2 scrolls of immolation {unknown}
 j - 2 scrolls of remove curse {unknown}
 k - a scroll of identify {unknown}
 m - a scroll of magic mapping {unknown}
 q - a scroll of noise {unknown}
 r - a scroll of fog {unknown}
Potions
 c - 2 potions of haste {unknown}
 g - 2 potions of curing {unknown}
 i - 2 potions of might {unknown}
 l - a potion of degeneration {unknown}
 n - a potion of invisibility {unknown}
 o - a potion of magic {unknown}
Comestibles
 p - 6 chunks of flesh
 v - 5 rations


   Skills:
 - Level 1.7 Dodging
 * Level 3.0 Stealth
 - Level 3.2 Spellcasting
 * Level 3.9 Conjurations
   Level 1.0 Summonings
   Level 0.8 Translocations


You had 3 spell levels left.
You knew the following spells:

 Your Spells              Type           Power        Failure   Level  Hunger
a - Conjure Flame         Conj/Fire      ##......     21%         3    ###....
c - Magic Dart            Conj           ###.         3%          1    None
e - Mephitic Cloud        Conj/Pois/Air  #.......     26%         3    ###....

Your spell library contained the following spells:

 Spells                   Type           Power        Failure   Level  Hunger
 Call Imp                 Summ           #.......     16%         2    ##.....
 Slow                     Hex            #.......     22%         2    ##.....
 Blink                    Tloc           Unusable     N/A         2    N/A

Dungeon Overview and Level Annotations

Branches:
Dungeon (3/15)

Altars:


Innate Abilities, Weirdness & Mutations

You cannot be hasted, slowed, berserked, paralysed or teleported.
You can dig through walls and to a lower floor.
Your four strong arms can wield two-handed weapons with a shield.
You have a pair of large antennae on your head. (SInv)


Message History

Things that are here:
a +0 leather armour a +0 club an orc skeleton You hit the orc priest but do no damage.
The orc priest is severely wounded.
You closely miss the orc priest.
The orc priest is severely wounded.
The orc priest invokes the aid of Beogh against you.
Beogh smites you!
You closely miss the orc priest.
The orc priest is severely wounded.
The orc priest hits you with a +0 mace.
You closely miss the orc priest.
The orc priest is severely wounded.
The orc priest hits you with a +0 mace.
You barely miss the orc priest.
The orc priest is severely wounded.
The orc priest hits you with a +0 mace.
You die...

###### #....# #.####
#.#########
#.........# #.#
#########.# #.# { #.#
#.###
#.##############.#..
{
{#..<...@o.....##.#.#
.o
#############.##.#.#
o. #.##.#.# .#
#.##.#.# .#
..##......# {#
.......{....# .#
....#{......###{# ###
#>#...#.#...#
#.......o...#


You could see an orc priest.

Vanquished Creatures
  A bullfrog zombie (D:2)
  2 gnolls
  4 dart slugs
  2 leopard geckos (D:1)
  2 orcs
  2 ball pythons
  A giant cockroach (D:3)
  7 goblins (D:1)
  5 hobgoblins
  A jackal (D:1)
  A quokka (D:2)
  6 bats
  A frilled lizard (D:3)
  3 kobolds
  6 rats
44 creatures vanquished.

Notes
Turn   | Place    | Note
-------+----------+-------------------------------------------
     0 | D:1      | DildoBatman the Formicid Wizard began the quest for the
                  | Orb.
     0 | D:1      | Reached XP level 1. HP: 13/13 MP: 4/4
    58 | D:1      | Reached skill level 1 in Conjurations
   164 | D:1      | Reached XP level 2. HP: 11/19 MP: 0/6
   478 | D:1      | Reached XP level 3. HP: 24/24 MP: 4/7
   486 | D:1      | Learned a level 3 spell: Conjure Flame
   500 | D:1      | Learned a level 3 spell: Mephitic Cloud
  1278 | D:2      | Reached XP level 4. HP: 28/30 MP: 3/8
  1770 | D:2      | Reached XP level 5. HP: 25/35 MP: 1/9
  2026 | D:3      | HP: 1/35 [orc priest/+0 mace (3)]
  2027 | D:3      | Slain by an orc priest

Skill      XL: |  1  2  3  4  5 |
---------------+----------------+-----
Conjurations   | 1 2 3 |  3.9
Stealth        | 3 |  3.0
Dodging        | |  1.7
Spellcasting   | |  3.2
Summonings     | |  1.0
Translocations | |  0.8

Action                   |  1- 3 |  4- 6 || total
-------------------------+-------+-------++-------
Melee: Dagger            |    26 |    33 ||    59
 Cast: Magic Dart        |    58 |    26 ||    84
       Conjure Flame     |     1 |       ||     1
       Mephitic Cloud    |       |     4 ||     4
 Abil: Dig               |     1 |       ||     1
 Stab: Sleeping          |     1 |     1 ||     2
       Confused          |       |     3 ||     3
  Eat: Chunk             |     1 |     3 ||     4
Armor: Robe              |    10 |     4 ||    14
Dodge: Dodged            |    25 |    18 ||    43
